 Dungeon Crawl Stone Soup version 0.28.0-45-g0d030f2227 (webtiles) character file.

Game seed: 16900304519259145429

165 zeratav the Insei (level 5, -2/34 HPs)
             Began as an Octopode Transmuter on Apr 3, 2022.
             Slain by an adder (4 damage)
             ... in a sewer.
             The game lasted 00:09:00 (3495 turns).

zeratav the Insei (Octopode Transmuter)             Turns: 3495, Time: 00:09:01

Health: -2/34      AC:  1    Str:  9    XL:     5   Next: 46%
Magic:  7/9        EV: 10    Int: 17    God:
Gold:   70         SH:  0    Dex: 13    Spells: 5/9 levels left

rFire   . . .      SeeInvis .   e - +0 hand axe
rCold   . . .      Faith    .   (no shield)
rNeg    . . .      Spirit   .   (helmet restricted)
rPois   +          Reflect  .   (no amulet)
rElec   .          Harm     .   d - ring of flight
rCorr   .          Rampage  .   i - ring of poison resistance
Will    .....                   (no ring)
Stlth   ++++......              (no ring)
HPRegen 0.11/turn               (no ring)
MPRegen 0.11/turn               (no ring)
                                (no ring)
                                (no ring)

@: about to teleport, flying, very slightly contaminated, constricted
A: almost no armour, amphibious, 8 rings, camouflage 1, gelatinous body 1,
nimble swimmer 1, tentacles
a: no special abilities


You were in a sewer.
You visited 1 branch of the dungeon, and saw 3 of its levels.
You also visited: Sewer.

You collected 70 gold pieces.

Inventory:

Hand Weapons
 b - a +0 hunting sling
 e - a +0 hand axe (weapon)
Missiles
 f - 76 stones
Jewellery
 d - a ring of flight (left tentacle)
 i - a ring of poison resistance (right tentacle)
Scrolls
 a - 3 scrolls of teleportation
 c - 2 scrolls of fog
 h - a scroll of vulnerability {unknown}
 j - a scroll of torment {unknown}
 k - 3 scrolls of identify {unknown}
 l - a scroll of magic mapping {unknown}
 o - 2 scrolls of fear {unknown}
Potions
 g - 2 potions of haste {unknown}
 m - a potion of curing {unknown}
 n - a potion of mutation {unknown}


   Skills:
 * Level 2.0 Fighting
 + Level 0.3 Slings
 + Level 2.7 Dodging
 + Level 2.1 Stealth
 * Level 3.8 Unarmed Combat
 + Level 2.7 Spellcasting
 + Level 2.4 Transmutations
 * Level 1.7 Poison Magic


You had 5 spell levels left.
You knew the following spells:

 Your Spells              Type           Power      Damage    Failure   Level
a - Beastly Appendage     Tmut           20%        N/A       7%          1
b - Spider Form           Tmut/Pois      9%         N/A       22%         3

Your spell library contained the following spells:

 Spells                   Type           Power      Damage    Failure   Level
 Wereblood                Tmut           10%        N/A       10%         2
 Slow                     Hex            8%         N/A       19%         1
 Confusing Touch          Hex            2%         N/A       47%         3
 Vampiric Draining        Necr           2%         2d6       47%         3
 Ice Form                 Ice/Tmut       6%         N/A       73%         4


Dungeon Overview and Level Annotations

Branches:
Dungeon (3/15)              Sewer (1/1)

Altars:


Innate Abilities, Weirdness & Mutations

You cannot wear most types of armour.
You are amphibious.
You can wear up to eight rings at the same time.
Your skin changes colour to match your surroundings (Stealth+).
Your rubbery body absorbs attacks. (AC +1, EV +1)
You are camouflaged when in or above water. (Stealth+)
You have tentacles for arms and can constrict up to eight enemies at once.


Message History

You hit the adder.
You constrict the adder, but do no damage.
The adder bites you. The ball python bites you. The ball python constricts you.
The adder bites you. The ball python barely misses you. The adder bites you.
The ball python bites you. The ball python constricts you.
The adder closely misses you.
An adder comes into view.
You barely miss the adder.
The adder is almost dead.
You closely miss the ball python.
The adder hisses angrily.
You hit the ball python. You barely miss the adder. You constrict the adder.
You kill the adder!
The adder bites you. The ball python bites you.
* * * LOW HITPOINT WARNING * * *
A bullfrog comes into view.
The ball python bites you.
* * * LOW HITPOINT WARNING * * *
The ball python constricts you.
* * * LOW HITPOINT WARNING * * *
A bullfrog comes into view.
The adder barely misses you. The ball python misses you.
The ball python loses its grip on you.
As you read the scroll labelled ASOMU BUNGEACI, it crumbles to dust.
You feel strangely unstable.
It was a scroll of teleportation.
The ball python barely misses you. The ball python grabs you.
The ball python constricts you.
* * * LOW HITPOINT WARNING * * *
The adder bites you.
* * * LOW HITPOINT WARNING * * *
The ball python bites you but does no damage.
The ball python misses you.
As you read the scroll labelled MAH XIMYTSI, it crumbles to dust.
The scroll dissolves into smoke.
It was a scroll of fog.
The ball python bites you.
* * * LOW HITPOINT WARNING * * *
The ball python constricts you.
* * * LOW HITPOINT WARNING * * *
The adder bites you.
You die...

####################....#
##...## #####††.#
#..'.†..# #..#....#
####...##
##################....#
..#≈≈≈≈≈S§§≈≈≈≈≈≈≈....†.#
...≈≈≈≈SS@§≈≈≈≈≈≈≈≈....##
..≈≈≈≈≈≈SS§≈≈≈≈≈≈≈.....#
...≈≈≈≈≈≈≈≈#≈≈≈≈≈≈≈....#
SS≈(≈≈≈#≈..≈≈≈≈≈≈≈≈...##
.(#≈F≈F≈≈≈≈≈≈≈≈≈≈≈#.### #
###################


You could see 2 bullfrogs, 2 adders and 3 ball pythons.

Vanquished Creatures
  5 river rats
  5 adders
  2 dart slugs
  9 ball pythons
  4 endoplasms
  4 giant cockroaches
  4 goblins
  2 hobgoblins
  2 jackals (D:2)
  A quokka (D:2)
  5 bats
  5 frilled lizards
  6 kobolds
  28 rats
82 creatures vanquished.

Notes
Turn   | Place    | Note
-------+----------+-------------------------------------------
     0 | D:1      | zeratav the Octopode Transmuter began the quest for the
                  | Orb.
     0 | D:1      | Reached XP level 1. HP: 13/13 MP: 3/3
   399 | D:1      | Reached XP level 2. HP: 18/18 MP: 1/5
   513 | D:1      | Found a faded altar of an unknown god.
  1057 | D:2      | Reached XP level 3. HP: 15/23 MP: 6/6
  2181 | D:2      | Reached skill level 1 in Stealth
  2181 | D:2      | Reached XP level 4. HP: 28/28 MP: 7/7
  2232 | D:2      | Reached skill level 1 in Poison Magic
  2752 | D:3      | Found a glowing drain.
  2837 | D:3      | Learned a level 3 spell: Spider Form
  2838 | Sewer    | Entered a sewer
  2934 | Sewer    | Reached XP level 5. HP: 31/34 MP: 4/8
  3495 | Sewer    | Slain by an adder

Illustrated notes

Levels and vault maps discovered:
D:1:      minmay_arrival_glassed_features, layout_loops_cross,
          dreamdust_ecumenical_altar_angels_and_demons
D:2:      layout_loops_ring
D:3:      layout_loops_ring, minitemple, gup_sewer_entry_spiral, uniq_jessica
Sewer:    sewer_minmay_w

Skill      XL: |  1  2  3  4  5 |
---------------+----------------+-----
Stealth        | 1 2 |  2.1
Poison Magic   | 1 |  1.7
Fighting       | 2 |  2.0
Slings         | |  0.3
Dodging        | |  2.7
Unarmed Combat | |  3.8
Spellcasting   | |  2.7
Transmutations | |  2.4

Action                   |  1- 3 |  4- 6 || total
-------------------------+-------+-------++-------
Melee: Unarmed           |    38 |    16 ||    54
       Constrict         |    22 |    13 ||    35
       Kick              |    11 |    14 ||    25
       Tentacles         |     5 |    10 ||    15
       Hand axe          |    47 |    45 ||    92
       Punch             |     1 |     1 ||     2
 Fire: Hunting sling     |       |    48 ||    48
 Cast: Beastly Appendage |    16 |    11 ||    27
       Spider Form       |       |     4 ||     4
  Use: Scroll            |       |     2 ||     2
 Stab: Sleeping          |     8 |     1 ||     9
Armor: Skin              |    11 |     8 ||    19
Dodge: Dodged            |    74 |    43 ||   117
